 Dungeon Crawl Stone Soup version 0.17-a0-1-g1f4be75 (webtiles) character file.

65 McCoppin the Skirmisher (level 3, -2/29 HPs)
             Began as a Demonspawn Wanderer on Mar 4, 2015.
             Slain by a worm (8 damage)
             ... on level 2 of the Dungeon.
             The game lasted 00:05:38 (2385 turns).

McCoppin the Skirmisher (Demonspawn Wanderer)       Turns: 2385, Time: 00:05:38

Health: -2/29      AC:  2    Str: 15    XL:     3   Next: 94%
Magic:  3/3        EV: 11    Int: 13    God:
Gold:   74         SH:  0    Dex: 12    Spells: 0 memorised, 2 levels left

rFire  . . .     SeeInvis .     a - +2 dagger
rCold  . . .     Clarity  .     e - +0 robe
rNeg   . . .     SustAb   .     (no shield)
rPois  +         Gourm    .     (no helmet)
rElec  .         Spirit   .     (no cloak)
rCorr  .         Warding  .     (no gloves)
rMut   .         Stasis   .     (no boots)
MR     .....                    o - amulet of regeneration
Stlth  ++........               (no ring)
                                j - ring of poison resistance

@: not resistant to hostile enchantments, unstealthy
A: powered by death 1, spiny 1, strong 1
a: no special abilities


You were on level 2 of the Dungeon.
You were hungry.

You visited 1 branch of the dungeon, and saw 2 of its levels.

You collected 74 gold pieces.

Inventory:

Hand weapons
 a - a +2 dagger (weapon)
 d - a +0 quarterstaff
Armour
 e - a +0 robe (worn)
Jewellery
 j - a ring of poison resistance (left hand)
 o - an amulet of regeneration (around neck)
Scrolls
 g - 3 scrolls of fog {unknown}
 h - 2 scrolls of identify {unknown}
 i - a scroll of random uselessness {unknown}
 k - a scroll of enchant weapon {unknown}
 n - 2 scrolls of immolation {unknown}
 r - a scroll of remove curse {unknown}
 u - a scroll of teleportation {unknown}
Potions
 b - a potion of berserk rage
 c - 2 potions of curing
 q - a potion of ambrosia {unknown}
 s - a potion of magic {unknown}
 t - a potion of restore abilities {unknown}
Comestibles
 f - 2 bread rations
 l - a beef jerky
 m - a meat ration
 p - a royal jelly


   Skills:
 + Level 3.3 Fighting
 - Level 2.5 Short Blades
 - Level 1.7 Staves
 - Level 1.0 Throwing
 - Level 2.6 Stealth
   Level 1.0 Shields


You had 2 spell levels left.
You didn't know any spells.

Dungeon Overview and Level Annotations

Branches:
Dungeon (2/15)

Altars:
The Shining One


Innate Abilities, Weirdness & Mutations

You can steal the life force of nearby defeated enemies.
You are partially covered in sharp spines.
Your muscles are strong. (Str +2)


Message History

The worm is lightly wounded.
The worm bites you.
You hit the worm.
The worm is moderately wounded.
You barely miss the worm.
The worm is moderately wounded.
The worm bites you!
* * * LOW HITPOINT WARNING * * *
You hit the worm.
The worm is moderately wounded.
You hit the worm.
The worm is moderately wounded.
The worm bites you.
* * * LOW HITPOINT WARNING * * *
You hit the worm.
The worm is moderately wounded.
You hit the worm.
The worm is heavily wounded.
The worm bites you!
You die...

.........#......#
'#.......###'#.#####.####
.........................
...#....####.#.#####.####
.....................#
...)...)####.#.####..#
..........(#.#'####..#
.....<..............>####
.##+#†##...#....@......?.
...........#.....w..#####
.....##....#............
...........+.......#####
.....# ....#.......#
....####...#....####
................#
........#.......#
..<.........#'##


You could see a worm.

Vanquished Creatures
  An adder (D:2)
  A worm (D:2)
  A giant gecko (D:2)
  4 bats
  6 goblins
  9 hobgoblins
  7 jackals (D:2)
  9 kobolds
  2 giant newts
  4 rats
44 creatures vanquished.

Vanquished Creatures (others)
  A plant (D:1)
1 creature vanquished.

Grand Total: 45 creatures vanquished

Notes
Turn   | Place    | Note
--------------------------------------------------------------
     0 | D:1      | McCoppin, the Demonspawn Wanderer, began the quest for the Orb.
     0 | D:1      | McCoppin set off with: a +2 dagger, a potion of berserk rage, a potion of curing, a +0 quarterstaff, a +0 robe, a bread ration
     0 | D:1      | Reached XP level 1. HP: 16/16 MP: 1/1
   458 | D:1      | Gained mutation: You are partially covered in sharp spines. [demonic ancestry]
   458 | D:1      | Reached XP level 2. HP: 21/23 MP: 2/2
  1623 | D:2      | Gained mutation: You can steal the life force of nearby defeated enemies. [demonic ancestry]
  1623 | D:2      | Reached XP level 3. HP: 28/28 MP: 3/3
  1917 | D:2      | Gained mutation: You have sharp toenails. [potion of mutation]
  1917 | D:2      | Lost mutation: You have sharp toenails. [potion of mutation]
  1917 | D:2      | Gained mutation: Your muscles are strong. (Str +2) [potion of mutation]
  1952 | D:2      | Reached skill level 3 in Fighting
  2055 | D:2      | Found a glowing golden altar of the Shining One.
  2385 | D:2      | Slain by a worm

Action                   || total
-------------------------++-------
Melee: Dagger            ||   172
  Use: Potion            ||     1
 Stab: Sleeping          ||     3
       Distracted        ||     1
  Eat: Chunk             ||     4
